 Dungeon Crawl Stone Soup version 0.24.0-123-gd5b16e6ec5 (webtiles) character file.

Game seed: 15841564604594622786, levelgen mode: deterministic

17124 Bluestream the Bludgeoner (level 12, -4/159 HPs)
             Began as a Minotaur Berserker on Jan 31, 2020.
             Was a High Priest of Trog.
             Killed by divine providence
             ... invoked by Saint Roka
              (14 damage)
             ... on level 2 of the Orcish Mines.
             The game lasted 00:33:50 (12667 turns).

Bluestream the Bludgeoner (Minotaur Berserker)     Turns: 12667, Time: 00:33:53

Health: -4/159     AC: 27    Str: 27    XL:     12   Next: 16%
Magic:  11/11      EV: 11    Int:  4    God:    Trog [*****.]
Gold:   1345       SH:  0    Dex: 19    Spells: 11/11 levels left

rFire    . . .     SeeInvis .   S - +4 great mace (protect)
rCold    . . .     Gourm    +   (shield currently unavailable)
rNeg     . . .     Faith    .   I - +3 plate armour
rPois    .         Spirit   .   (helmet restricted)
rElec    .         Reflect  .   (no cloak)
rCorr    .         Harm     .   z - +0 pair of gloves
MR       .....                  H - +0 pair of boots
Stlth    ..........             G - amulet of the gourmand
HPRegen  0.36/turn              g - +4 ring of dexterity
MPRegen  0.12/turn              B - +4 ring of slaying

@: berserking, protection aura, very quick
A: retaliatory headbutt, horns 2
a: Berserk, Trog's Hand, Brothers in Arms, Renounce Religion


You were on level 2 of the Orcish Mines.
You worshipped Trog.
Trog was extremely pleased with you.
You were not hungry.

You visited 2 branches of the dungeon, and saw 14 of its levels.
You also visited: Sewer.

You collected 1435 gold pieces.
You spent 90 gold pieces at shops.

Inventory:

Hand Weapons
 a - a +0 mace
 e - a +1 flail of draining
 u - a +0 morningstar
 y - a +0 dire flail
 S - a +4 great mace of protection (weapon)
Armour
 b - a +0 animal skin
 h - a +0 chain mail
 l - a cursed +0 scale mail
 o - a +0 chain mail
 r - +0 ice dragon scales
 x - a +2 helmet
 z - a +0 pair of gloves (worn)
 A - a +2 buckler
 H - a +0 pair of boots (worn)
 I - a +3 plate armour (worn)
 Q - +0 steam dragon scales
Jewellery
 g - a +4 ring of dexterity (left hand)
 j - an uncursed ring of fire
 B - a +4 ring of slaying (right hand)
 C - an uncursed ring of fire
 E - a cursed ring of teleportation
 G - an amulet of the gourmand (around neck)
 K - an uncursed ring of poison resistance {unknown}
 O - an uncursed ring of stealth
Wands
 v - a wand of clouds (14)
 L - a wand of scattershot (3)
 M - a wand of acid (9)
Scrolls
 d - 10 scrolls of remove curse
 k - 6 scrolls of teleportation
 q - 2 scrolls of fog
 s - 3 scrolls of blinking
 w - a scroll of immolation
 F - 2 scrolls of magic mapping
 J - a scroll of amnesia
 N - 2 scrolls of random uselessness {unknown}
Potions
 f - 7 potions of flight
 i - 3 potions of might
 m - 2 potions of lignification
 n - a potion of agility
 p - a potion of heal wounds
 t - 2 potions of curing
 D - 5 potions of berserk rage
 R - a potion of mutation {unknown}
Comestibles
 c - 16 rations


   Skills:
 + Level 10.1 Fighting
 * Level 17.1 Maces & Flails
 + Level 10.1 Armour
 + Level 4.7 Dodging
 + Level 1.1 Stealth
 + Level 6.1 Shields


You had 11 spell levels left.
You didn't know any spells.
Your spell library was empty.

Dungeon Overview and Level Annotations

Branches:
Dungeon (12/15)            Temple (0/1) D:7            Lair (0/6) D:11
    Orc (2/2) D:10          Sewer (visited)
    Elf: Orc:2

Altars:
Cheibriados
Fedhas
Gozag
Okawaru
Qazlal
Ru
Uskayaw
Wu Jian
Xom
Yredelemnul
The Shining One
Beogh

Shops:
D:5 *   D:8 [   Orc:2 ?

Annotations:
D:6 3 runed translucent doors, Ebobla's ghost, novice HuBe
Orc:2 exclusion: oklob plant, Saint Roka


Innate Abilities, Weirdness & Mutations

You reflexively headbutt those who attack you in melee.
You have a pair of horns on your head.


Message History

You barely miss Saint Roka. You headbutt Saint Roka.
Saint Roka is heavily wounded.
The orc warrior hits you with a +0 hand axe.
* * * LOW HITPOINT WARNING * * *
You closely miss Saint Roka.
Saint Roka is heavily wounded.
You thump Saint Roka! You headbutt Saint Roka!
Saint Roka is severely wounded.
The orc warrior closely misses you.
Saint Roka invokes the aid of Beogh against you.
Beogh smites you!
* * * LOW HITPOINT WARNING * * *
The orc warrior closely misses you.
You hit Saint Roka but do no damage.
Saint Roka is severely wounded.
An orc comes into view. It is wielding a +0 morningstar.
The orc high priest hits you but does no damage.
Saint Roka calls down the wrath of Beogh upon you.
Beogh smites you!
You die...

.#...#.#.).#.# ...'
.##.##.......# ...#
..###........# ...## .
.##....#...## ...8#
.###.##.....###.....###.
..####........##[''##...
##.# ##..........).......
#.#####........o#o838.....
...##.#........o@#........
..##...........[o......o..
..###.....................
†))...............).......
#))..)....)...............
.)..................######
....................#
#.#.................#
.................)..#


You could see Saint Roka, a soul eater, an orc high priest, 2 orc warriors and
an orc.

Vanquished Creatures
  Snorg (Orc:2)
  A two-headed ogre (D:10)
  4 skeletal warriors (D:11)
  3 orc knights
  4 orc sorcerers (Orc:2)
  A centaur skeleton (D:11)
  A queen bee (D:8)
  Prince Ribbit (D:9)
  4 hippogriffs
  A shadow (D:10)
  A wraith (D:10)
  2 wyverns
  A basilisk (D:11)
  4 yaks (D:11)
  A steam dragon (D:10)
  A water moccasin (D:8)
  An acid dragon (D:11)
  A warg (Orc:2)
  2 sky beasts
  18 orc warriors
  3 ice beasts
  4 phantoms
  3 centaurs
  5 ogres
  A crocodile (D:11)
  A big kobold (D:10)
  4 bullfrogs
  A wyvern zombie (D:7)
  A scorpion (D:8)
  26 killer bees
  10 wights
  5 howler monkeys
  An electric eel (D:9)
  7 crimson imps
  A quasit (D:8)
  2 bullfrog zombies
  2 bullfrog skeletons
  4 hounds
  A gnoll shaman (D:5)
  9 orc priests
  A jelly (D:9)
  Natasha (twice) (D:4)
  13 orc wizards
  2 iguanas
  7 worker ants
  A merfolk siren (Sewer)
  A merfolk avatar (Sewer)
  A killer bee zombie (D:7)
  A hound skeleton (D:10)
  A worker ant zombie (D:7)
  A howler monkey zombie (D:11)
  5 gnolls (D:5)
  15 adders
  A river rat (Sewer)
  2 shadow imps
  3 oozes
  4 worms
  3 dart slugs
  12 leopard geckos
  54 orcs
  10 bats
  11 giant cockroaches
  7 goblins
  2 hobgoblins
  4 jackals (D:1)
  11 kobolds
  2 quokkas
  8 ball pythons
  8 frilled lizards
  2 leopard gecko skeletons
  A leopard gecko zombie (D:8)
  A quokka zombie (D:5)
  29 rats
370 creatures vanquished.

Notes
Turn   | Place    | Note
-------+----------+-------------------------------------------
     0 | D:1      | Bluestream the Minotaur Berserker began the quest for the
                  | Orb.
     0 | D:1      | Reached XP level 1. HP: 19/19 MP: 0/0
    57 | D:1      | Reached XP level 2. HP: 19/27 MP: 1/1
    91 | D:1      | Reached skill level 4 in Maces & Flails
   290 | D:1      | Reached XP level 3. HP: 33/33 MP: 2/2
   351 | D:1      | Reached ** piety under Trog
   998 | D:2      | Reached XP level 4. HP: 38/40 MP: 3/3
  1112 | D:2      | Reached skill level 5 in Maces & Flails
  1761 | D:3      | Found a snail-covered altar of Cheibriados.
  1970 | D:3      | Found a faded altar of an unknown god.
  2031 | D:3      | Reached *** piety under Trog
  2031 | D:3      | Reached XP level 5. HP: 47/47 MP: 4/4
  2156 | D:4      | Noticed a phantom
  2176 | D:4      | Killed a phantom
  2176 | D:4      | Reached skill level 6 in Maces & Flails
  2544 | D:4      | Noticed Natasha
  2546 | D:4      | Noticed a phantom
  2555 | D:4      | Killed Natasha
  2555 | D:4      | Reached skill level 7 in Maces & Flails
  2555 | D:4      | Reached XP level 6. HP: 45/53 MP: 5/5
  2653 | D:4      | Found an iron altar of Okawaru.
  2745 | D:4      | Noticed Natasha
  2751 | D:4      | Killed Natasha
  2799 | D:5      | Entered Level 5 of the Dungeon
  2813 | D:5      | Reached skill level 8 in Maces & Flails
  2908 | D:5      | Reached XP level 7. HP: 46/60 MP: 6/6
  3126 | D:5      | Found a glowing drain.
  3141 | Sewer    | Entered a sewer
  3158 | Sewer    | Reached **** piety under Trog
  3239 | Sewer    | Received a gift from Trog
  3594 | D:5      | Found Teoqip's General Store.
  3604 | D:5      | Found a stormy altar of Qazlal.
  3629 | D:5      | Reached skill level 5 in Fighting
  3629 | D:5      | Reached skill level 9 in Maces & Flails
  3629 | D:5      | Reached skill level 1 in Shields
  4035 | D:6      | Reached XP level 8. HP: 33/68 MP: 7/7
  4400 | D:6      | Found a runed translucent gate.
  4411 | D:6      | Found a runed translucent gate.
  4416 | D:6      | Found a runed translucent gate.
  4416 | D:6      | Found an opulent altar of Gozag.
  4424 | D:6      | Noticed Ebobla's ghost (novice HuBe)
  4562 | D:6      | Reached skill level 10 in Maces & Flails
  4800 | D:7      | Found a staircase to the Ecumenical Temple.
  4821 | D:7      | Reached skill level 5 in Armour
  4848 | D:7      | Reached skill level 11 in Maces & Flails
  5143 | D:7      | Noticed a hippogriff
  5149 | D:7      | Killed a hippogriff
  5154 | D:7      | Reached XP level 9. HP: 55/75 MP: 8/8
  5282 | D:7      | Reached ***** piety under Trog
  5282 | D:7      | Reached skill level 12 in Maces & Flails
  6409 | D:8      | Noticed a queen bee
  6415 | D:8      | Killed a queen bee
  6482 | D:8      | Reached skill level 13 in Maces & Flails
  6800 | D:8      | Found Axuo's Armour Emporium.
  6818 | D:8      | Reached XP level 10. HP: 86/86 MP: 9/9
  7276 | D:9      | Noticed Prince Ribbit
  7281 | D:9      | Received a gift from Trog
  7291 | D:9      | Killed Prince Ribbit
  7462 | D:9      | Found a sacrificial altar of Ru.
  7502 | D:9      | Found a glowing golden altar of the Shining One.
  7506 | D:9      | Found an ornate altar of the Wu Jian Council.
  7506 | D:9      | Found a hide-covered altar of Uskayaw.
  7506 | D:9      | Found a blossoming altar of Fedhas.
  7511 | D:9      | Found a basalt altar of Yredelemnul.
  7559 | D:9      | Found a shimmering altar of Xom.
  7559 | D:9      | Found a shimmering altar of Xom.
  7560 | D:9      | Found a shimmering altar of Xom.
  7628 | D:10     | Entered Level 10 of the Dungeon
  7629 | D:10     | Found a roughly hewn altar of Beogh.
  7629 | D:10     | Found a staircase to the Orcish Mines.
  7630 | D:10     | Noticed an orc knight
  7634 | D:10     | Noticed an orc knight
  8489 | D:9      | Reached skill level 14 in Maces & Flails
  8508 | D:9      | Killed an orc knight
  9160 | D:10     | Killed an orc knight
  9160 | D:10     | Reached skill level 5 in Shields
  9487 | D:10     | Reached skill level 1 in Stealth
  9657 | D:10     | Noticed a two-headed ogre
  9664 | D:10     | Killed a two-headed ogre
  9664 | D:10     | Reached XP level 11. HP: 83/95 MP: 10/10
  9669 | D:10     | Reached skill level 15 in Maces & Flails
 10423 | D:11     | Received a gift from Trog
 10452 | D:11     | Found a staircase to the Lair.
 10653 | D:11     | Noticed a skeletal warrior
 10654 | D:11     | Noticed a skeletal warrior
 10655 | D:11     | Noticed a skeletal warrior
 10655 | D:11     | Noticed a skeletal warrior
 10666 | D:11     | Killed a skeletal warrior
 10669 | D:11     | Killed a skeletal warrior
 10679 | D:11     | Killed a skeletal warrior
 10680 | D:11     | Killed a skeletal warrior
 10984 | D:11     | Reached skill level 16 in Maces & Flails
 11605 | Orc:1    | Entered Level 1 of the Orcish Mines
 11853 | Orc:2    | Entered Level 2 of the Orcish Mines
 11858 | Orc:2    | Found a dark tunnel.
 11953 | Orc:2    | Found a roughly hewn altar of Beogh.
 11955 | Orc:2    | Noticed an orc sorcerer
 11963 | Orc:2    | Killed an orc sorcerer
 11968 | Orc:2    | Found Duingauzug's Magic Scroll Shoppe.
 11973 | Orc:2    | Bought a scroll of enchant armour for 90 gold pieces
 12040 | Orc:2    | Noticed an oklob plant
 12055 | Orc:2    | Noticed Snorg
 12062 | Orc:2    | Killed Snorg
 12095 | Orc:2    | Noticed an orc sorcerer
 12100 | Orc:2    | Killed an orc sorcerer
 12220 | Orc:2    | Noticed an orc sorcerer
 12221 | Orc:2    | Noticed an orc sorcerer
 12223 | Orc:2    | Reached skill level 10 in Armour
 12223 | Orc:2    | Reached XP level 12. HP: 102/106 MP: 11/11
 12223 | Orc:2    | Noticed an orc high priest
 12234 | Orc:2    | Reached skill level 10 in Fighting
 12250 | Orc:2    | Reached skill level 17 in Maces & Flails
 12251 | Orc:2    | Noticed an orc high priest
 12264 | Orc:2    | Noticed Saint Roka
 12660 | Orc:2    | Received a gift from Trog
 12667 | Orc:2    | Killed from afar by Saint Roka

Levels and vault maps discovered:
D:1:      minmay_arrival_wavy_path, layout_loops_cross
D:2:      layout_loops_ring, minmay_crystal_water
D:3:      layout_basic, cheibriados_altar_1, chequers_ecumenical_altar_grove
D:4:      layout_rooms, okawaru_gym_becter, uniq_natasha
D:5:      layout_basic, grunt_qazlal_clouds, serial_shops, nicolae_shop_crystal,
          portal_sewer_entry_d, first_ration
D:6:      layout_basic, ebering_ghost_gozag
D:7:      layout_loops_cross, minmay_temple_entry_large_hall
D:8:      layout_basic, serial_shops, shop, david_nohive_1
D:9:      layout_rooms, minitemple, kennysheep_decorative_pillar,
          xom_redecorated, uniq_prince_ribbit1
D:10:     layout_basic, david_orc_5, billiards_dpeg
D:11:     layout_irregular_city, david_lair_generic, minmay_splitting_lines
D:12:     layout_loops_ring, nicolae_two_hexagons
Orc:1:    layout_caves
Orc:2:    grunt_orc_community_town_hall, layout_diamond_mine,
          grunt_orc_community_big_house_2, grunt_orc_community_big_house_2,
          grunt_orc_community_house_3, grunt_orc_community_house_2,
          grunt_orc_community_house_2, grunt_orc_community_house_3,
          nicolae_volcano_entry_hallway, serial_shops, nicolae_shop_crystal,
          mines3_lemuel, uniq_saint_roka, uniq_snorg

Skill      XL: |  1  2  3  4  5  6  7  8  9 10 11 12 |
---------------+-------------------------------------+-----
Maces & Flails | 4 5 7 8 9 11 13 14 16 17 | 17.1
Fighting       | 4 5 7 8 9 10 | 10.1
Armour         | 3 4 5 7 8 10 | 10.1
Dodging        | 3 4 |  4.7
Shields        | 1 2 3 5 6 |  6.1
Stealth        | 1 |  1.1

Action                   |  1- 3 |  4- 6 |  7- 9 | 10-12 || total
-------------------------+-------+-------+-------+-------++-------
Melee: Mace              |    82 |    42 |       |       ||   124
       Headbutt          |    12 |    31 |    58 |    93 ||   194
       Morningstar       |       |    83 |   296 |    66 ||   445
       Flail             |       |       |       |   160 ||   160
       Great mace        |       |       |       |   186 ||   186
Invok: Berserk           |       |     1 |     3 |     4 ||     8
  Use: Scroll            |     1 |       |     7 |    14 ||    22
       Potion            |       |       |       |     6 ||     6
  Eat: Chunk             |       |     7 |    11 |    18 ||    36
       Ration            |       |       |     2 |     1 ||     3
Armor: Animal skin       |     8 |       |       |       ||     8
       Chain mail        |    32 |     7 |       |       ||    39
       Ice dragon scales |       |    40 |   167 |    23 ||   230
       Plate armour      |       |       |       |   221 ||   221
Dodge: Dodged            |    53 |    56 |   174 |   144 ||   427
Block: Buckler           |       |     6 |   121 |    79 ||   206
